Reign vs Phantoms
(R1)
Created - May 1, 2023 at 19:19
Goals
|
| Reign |
0 |
2 |
2 |
4 |
| Phantoms |
3 |
1 |
1 |
5 |
|
Shots
|
| Reign |
10 |
16 |
12 |
38 |
| Phantoms |
17 |
4 |
17 |
38 |
|
1st period
1. Phantoms , Lucas Wallmarkk 18 (Sven Andrighetto 26, Morgan Klimchuk 32) at 1:53
2. Phantoms , Michael Bournival 42 (Alex DeBrincat 56, Nick Shore 54) at 9:30 (PP)
3. Phantoms , Alex DeBrincat 36 (Nick Shore 55, Blake Heinrich 19) at 15:07
Penalties :
Erik Nystrom (Leh) for Hooking (Minor) at 4:20, Tom Kuhnhackl (Ont) for Hooking (Minor) at 9:25, Tom Kuhnhackl (Ont) for Hooking (Minor) at 18:36
2nd period
4. Phantoms , Lucas Wallmarkk 19 (Morgan Klimchuk 33) at 7:12
5. Reign , Josh Anderson 17 (Mason Appleton 7, Jeremy Lauzon 27) at 8:14
6. Reign , Mason Appleton 4 (Kevin Fiala 21, Rem Pitlick 16) at 16:13 (PP)
Penalties :
Michael Bournival (Leh) for Diving (Minor) at 9:55, Cal Foote (Leh) for Hooking (Minor) at 15:40
3rd period
7. Reign , Jordan Greenway 16 (Nicolas Hague 12, Nick Suzuki 34) at 15:52
8. Phantoms , Blake Heinrich 5 (Joe Snively 36) at 16:52
9. Reign , Maxime Comtois 16 (Josh Anderson 12, Mason Appleton 8) at 18:51
Penalties :
Jordan Greenway (Ont) for Interference (Minor) at 1:49, Josh Anderson (Ont) for Tripping (Minor) at 8:21
Goalie Stats
Eamon McAdam (Ont), 15 saves from 19 shots - (0.789), 27:12 minutes
Oscar Dansk (Ont), 18 saves from 19 shots - (0.947), L, 1-11-1, 32:37 minutes
Anton Forsberg (Leh), 34 saves from 38 shots - (0.895), W, 27-19-8, 60:00 minutes
Players Stats for Reign
Player Name G A P +/- PIM S H SB GA TA FO MP PP MP PK MP
------------------------------------------------------------------------------------
Charlie McAvoy 0 0 0 0 0 2 1 1 0 1 0/0 16:21 2:09 0:00
Darroll Powe 0 0 0 0 0 3 0 0 1 1 10/15 14:11 0:00 3:21
David Krejci 0 0 0 0 0 0 1 0 1 0 2/5 12:10 0:00 2:11
Henri Jokiharju 0 0 0 0 0 0 0 0 0 0 0/0 7:49 0:00 2:28
Jason Robertson 0 0 0 0 0 0 1 1 0 0 0/0 14:36 2:29 0:00
Jeremy Lauzon 0 1 1 0 0 1 1 0 0 1 0/0 17:56 2:22 0:00
Jordan Greenway 1 0 1 -1 2 2 3 0 1 2 0/2 18:27 0:22 1:14
Josh Anderson 1 1 2 0 2 6 1 2 0 0 0/0 13:33 0:19 2:20
Kevin Fiala 0 1 1 0 0 2 0 1 1 0 1/1 13:59 2:09 2:12
Mason Appleton 1 2 3 0 0 5 1 0 0 0 7/14 12:49 2:02 0:00
Mathew Barzal 0 0 0 -1 0 1 1 1 1 0 0/2 20:01 2:10 0:00
Maxime Comtois 1 0 1 0 0 1 4 0 0 0 0/1 13:34 2:02 0:28
Nick Suzuki 0 1 1 -1 0 6 0 1 0 0 17/31 20:16 2:07 0:18
Nicolas Hague 0 1 1 0 0 1 1 4 0 0 0/0 18:10 0:00 3:34
Nikita Tryamkin 0 0 0 0 0 0 0 1 0 1 0/0 7:49 0:00 2:28
Oliver Kylington 0 0 0 0 0 0 0 2 0 0 0/0 13:58 0:00 0:00
Rem Pitlick 0 1 1 0 0 3 2 0 0 0 0/0 12:52 2:02 0:00
Thomas Chabot 0 0 0 -1 0 1 1 0 1 0 0/0 17:40 2:22 0:00
Tom Kuhnhackl 0 0 0 0 4 2 4 0 0 0 0/0 9:49 0:00 0:00
Vladislav Gavrikov 0 0 0 -1 0 2 0 4 0 1 0/0 17:54 0:00 3:34
Players Stats for Phantoms
Player Name G A P +/- PIM S H SB GA TA FO MP PP MP PK MP
------------------------------------------------------------------------------------
A.J. Greer 0 0 0 0 0 0 0 0 0 0 0/0 0:54 0:00 0:53
Alex DeBrincat 1 1 2 -1 0 5 1 1 1 0 1/1 23:11 2:50 2:29
Anthony Angello 0 0 0 0 0 0 0 0 0 0 0/1 1:01 0:00 1:01
Blake Heinrich 1 1 2 0 0 4 4 2 1 1 0/0 27:26 4:17 2:47
Brendan Leipsic 0 0 0 1 0 2 0 0 0 0 0/0 6:32 0:00 0:08
Brenden Kichton 0 0 0 0 0 0 0 0 0 1 0/0 12:08 0:00 0:00
Brett Murray 0 0 0 0 0 0 0 0 0 0 0/0 0:00 0:00 0:00
Cal Foote 0 0 0 0 2 1 0 1 0 0 0/0 12:07 0:00 0:00
Cristoval Nieves 0 0 0 -1 0 1 0 0 1 1 6/11 11:57 0:00 0:10
David Kampf 0 0 0 0 0 0 0 0 0 0 0/0 0:19 0:01 0:00
Devon Teows 0 0 0 0 0 0 1 2 0 0 0/0 18:12 1:45 1:44
Erik Nystrom 0 0 0 -1 2 2 0 2 1 0 2/2 12:08 0:00 0:00
JC Lipon 0 0 0 1 0 0 2 0 0 0 0/0 6:43 0:01 0:00
Joe Snively 0 1 1 1 0 0 0 0 1 0 0/2 7:12 0:00 0:48
Laurent Dauphin 0 0 0 0 0 0 0 0 0 0 0/0 0:19 0:01 0:00
Lucas Wallmarkk 2 0 2 2 0 3 2 0 0 1 4/8 16:17 3:11 0:00
Michael Bournival 1 0 1 -1 2 3 0 0 0 0 1/3 22:13 2:50 1:31
Mikko Lehtonen 0 0 0 1 0 0 0 0 0 0 0/0 2:29 0:00 0:00
Morgan Klimchuk 0 2 2 2 0 2 1 1 1 0 0/1 16:17 3:11 0:00
Nick Shore 0 2 2 -1 0 6 1 0 0 0 19/41 21:20 2:50 1:01
Nick Sorensen 0 0 0 -1 0 3 0 0 0 0 0/0 11:46 0:00 0:00
Reid McNeill 0 0 0 1 0 1 2 0 1 1 0/0 29:25 4:17 2:47
Rinat Valiev 0 0 0 0 0 2 2 0 0 0 0/0 18:12 1:45 1:44
Sven Andrighetto 0 1 1 2 0 3 2 0 0 1 1/1 17:18 3:11 1:01
3 Stars
1 - Lucas Wallmarkk (Leh)
2 - Blake Heinrich (Leh)
3 - Mason Appleton (Ont)
Power Play
Reign - 1 on 3 Attempt(s) - 33.33%
Phantoms - 1 on 4 Attempt(s) - 25.00%
Penalty Kill
Reign - 3 on 4 Attempt(s) - 75.00%
- Score 0 goal in Penalty Kill
Phantoms - 2 on 3 Attempt(s) - 66.67%
- Score 0 goal in Penalty Kill
Team Stat
Reign - Hits : 22 - Faceoff Wins : 37 - Blocked Shots : 18 - Penalty Minutes : 8
Phantoms - Hits : 18 - Faceoff Wins : 34 - Blocked Shots : 9 - Penalty Minutes : 6
Official
Referees : Frederick L'Ecuyer and Garrett Rank
Linesman : Jesse Marquis and Shandor Alphonso
Game Notes
Oscar Dansk enters game at 7:12 of 2nd period
19:29 of 3rd period - Phantoms goal is going for a video replay. After video review, No Goal. The net was displaced accidentally.
Finance
Level 1 -- Attendance: 1902 (95.10%) -- Ticket Income $66,570
Level 2 -- Attendance: 573 (57.30%) -- Ticket Income $11,460
Total Attendance: 2475 (82.50%)
Total Ticket Income: $78,030
Other Income: $3,902
Total Income: $81,932
Reign
5 vs 5 Forward
Center Left Wing Right Wing Time % Phy DF OF
1 Nick Suzuki Jordan Greenway Mathew Barzal 40 1 2 2
2 David Krejci Kevin Fiala Tom Kuhnhackl 20 1 2 2
3 Darroll Powe Jason Robertson Rem Pitlick 20 1 2 2
4 Mason Appleton Maxime Comtois Josh Anderson 20 1 2 2
5 vs 5 Defense
Defense Defense Time % Phy DF OF
1 Vladislav Gavrikov Thomas Chabot 30 1 3 1
2 Charlie McAvoy Oliver Kylington 30 1 3 1
3 Jeremy Lauzon Nicolas Hague 30 1 3 1
4 Nikita Tryamkin Henri Jokiharju 10 1 3 1
PowerPlay Forward
Center Left Wing Right Wing Time % Phy DF OF
1 Nick Suzuki Jason Robertson Mathew Barzal 55 1 1 3
2 Mason Appleton Maxime Comtois Rem Pitlick 45 1 1 3
PowerPlay Defense
Defense Defense Time % Phy DF OF
1 Jeremy Lauzon Thomas Chabot 70 0 2 3
2 Kevin Fiala Charlie McAvoy 30 0 3 2
Penalty Kill 4 Players Forward
Center Wing Time % Phy DF OF
1 Darroll Powe Josh Anderson 60 1 2 2
2 David Krejci Kevin Fiala 40 1 2 2
Penalty Kill 4 Players Defense
Defense Defense Time % Phy DF OF
1 Nicolas Hague Vladislav Gavrikov 60 1 2 2
2 Nikita Tryamkin Henri Jokiharju 40 1 2 2
Penalty Kill - 3 Players Forward
Forward Time % Phy DF OF
1 Darroll Powe 60 1 2 2
2 David Krejci 40 1 2 2
Penalty Kill - 3 Players Defense
Defense Defense Time % Phy DF OF
1 Nicolas Hague Vladislav Gavrikov 60 1 2 2
2 Nikita Tryamkin Henri Jokiharju 40 1 2 2
4 vs 4 Forward
Center Wing Time % Phy DF OF
1 Kevin Fiala Mathew Barzal 60 1 2 2
2 Nick Suzuki David Krejci 40 1 2 2
4 vs 4 Defense
Defense Defense Time % Phy DF OF
1 Nikita Tryamkin Thomas Chabot 60 1 2 2
2 Vladislav Gavrikov Jeremy Lauzon 40 1 2 2
Last Minutes Offensive
Center Left Wing Right Wing Defense Defense
Nick Suzuki Jason Robertson Mathew Barzal Jeremy Lauzon Thomas Chabot
Last Minutes Defensive
Center Left Wing Right Wing Defense Defense
Darroll Powe Kevin Fiala Josh Anderson Vladislav Gavrikov Nicolas Hague
Goaltenders
Starting : Eamon McAdam
Backup : Oscar Dansk
Extra Forwards
Normal : Mathew Barzal, Jason Robertson, Maxime Comtois - PP : Jordan Greenway, Josh Anderson - PK : Jordan Greenway
Extra Defensemen
Normal : Charlie McAvoy, Nicolas Hague, Henri Jokiharju - PP : Oliver Kylington - PK : Thomas Chabot, Charlie McAvoy
Penalty Shots
Nick Suzuki, Kevin Fiala, Tom Kuhnhackl, Rem Pitlick, Jordan Greenway
Scratches
Adrian Kempe (Right Foot Injury), Anton Karlsson (Healthy), Caleb Jones (Healthy), Chandler Stephenson (Healthy), Christoffer Ehn (Healthy)
Michael Anderson (Healthy), Oskar Steen (Healthy), Igor Shesterkin (Healthy)
Phantoms
5 vs 5 Forward
Center Left Wing Right Wing Time % Phy DF OF
1 Nick Shore Michael Bournival Alex DeBrincat 40 1 2 2
2 Lucas Wallmarkk Morgan Klimchuk Sven Andrighetto 30 1 2 2
3 Cristoval Nieves Erik Nystrom Nick Sorensen 20 1 2 2
4 Joe Snively Brendan Leipsic JC Lipon 10 1 2 2
5 vs 5 Defense
Defense Defense Time % Phy DF OF
1 Reid McNeill Blake Heinrich 40 1 2 2
2 Devon Teows Rinat Valiev 30 1 2 2
3 Brenden Kichton Cal Foote 20 1 2 2
4 Mikko Lehtonen Reid McNeill 10 1 2 2
PowerPlay Forward
Center Left Wing Right Wing Time % Phy DF OF
1 Nick Shore Michael Bournival Alex DeBrincat 60 1 2 2
2 Lucas Wallmarkk Morgan Klimchuk Sven Andrighetto 40 1 2 2
PowerPlay Defense
Defense Defense Time % Phy DF OF
1 Reid McNeill Blake Heinrich 60 1 2 2
2 Devon Teows Rinat Valiev 40 1 2 2
Penalty Kill 4 Players Forward
Center Wing Time % Phy DF OF
1 Michael Bournival Alex DeBrincat 60 1 2 2
2 Sven Andrighetto Nick Shore 40 1 2 2
Penalty Kill 4 Players Defense
Defense Defense Time % Phy DF OF
1 Reid McNeill Blake Heinrich 60 1 2 2
2 Devon Teows Rinat Valiev 40 1 2 2
Penalty Kill - 3 Players Forward
Forward Time % Phy DF OF
1 Michael Bournival 60 1 2 2
2 Alex DeBrincat 40 1 2 2
Penalty Kill - 3 Players Defense
Defense Defense Time % Phy DF OF
1 Reid McNeill Blake Heinrich 60 1 2 2
2 Devon Teows Rinat Valiev 40 1 2 2
4 vs 4 Forward
Center Wing Time % Phy DF OF
1 Michael Bournival Alex DeBrincat 60 1 2 2
2 Sven Andrighetto Nick Shore 40 1 2 2
4 vs 4 Defense
Defense Defense Time % Phy DF OF
1 Reid McNeill Blake Heinrich 60 1 2 2
2 Devon Teows Rinat Valiev 40 1 2 2
Last Minutes Offensive
Center Left Wing Right Wing Defense Defense
Nick Shore Michael Bournival Alex DeBrincat Reid McNeill Blake Heinrich
Last Minutes Defensive
Center Left Wing Right Wing Defense Defense
Nick Shore Michael Bournival Alex DeBrincat Reid McNeill Blake Heinrich
Goaltenders
Starting : Anton Forsberg
Backup : Zachary Fucale
Extra Forwards
Normal : David Kampf, Laurent Dauphin, Anthony Angello - PP : David Kampf, Laurent Dauphin - PK : Anthony Angello
Extra Defensemen
Normal : Brenden Kichton, Cal Foote, Mikko Lehtonen - PP : Brenden Kichton - PK : Cal Foote, Mikko Lehtonen
Penalty Shots
Michael Bournival, Alex DeBrincat, Sven Andrighetto, Nick Shore, Lucas Wallmarkk
Scratches
Cooper Marody (Healthy), Ivan Provorov (Torn Left Knee Ligaments Injury), Victor Berglund (Healthy), Fabian Zetterlund (Healthy), Matt Kiersted (Healthy)
Riley Stillman (Healthy), Jason Kasdorf (Healthy), Zachary Sawchenko (Healthy), Kevin Lankinen (Healthy)
% Time on Ice - Reign
Lines # - Real PCT - Wanted PCT - Time Play
Normal Forward
1 - 35% - 40% - 16:51
2 - 20% - 20% - 9:51
3 - 22% - 20% - 10:50
4 - 22% - 20% - 10:47
Normal Defense
1 - 30% - 30% - 14:37
2 - 29% - 30% - 14:14
3 - 29% - 30% - 14:09
4 - 11% - 10% - 5:19
PP Forward
1 - 55% - 55% - 2:29
2 - 45% - 45% - 2:02
PP Defense
1 - 52% - 70% - 2:22
2 - 48% - 30% - 2:09
PK Forward
1 - 89% - 60% - 5:22
2 - 11% - 40% - 0:40
PK Defense
1 - 59% - 60% - 3:34
2 - 41% - 40% - 2:28
PK3 Forward
1 - 0% - 60%
2 - 0% - 40%
PK3 Defense
1 - 0% - 60%
2 - 0% - 40%
44 Forward
1 - 0% - 60%
2 - 0% - 40%
44 Defense
1 - 0% - 60%
2 - 0% - 40%
Last Minute Offensive - 1:08
Last Minute Defensive - 0:00
Total
Forward - 60:00
Defense - 60:00
|
% Time on Ice - Phantoms
Lines # - Real PCT - Wanted PCT - Time Play
Normal Forward
1 - 35% - 40% - 17:03
2 - 27% - 30% - 13:06
3 - 24% - 20% - 11:46
4 - 13% - 10% - 6:24
Normal Defense
1 - 40% - 40% - 19:14
2 - 30% - 30% - 14:43
3 - 25% - 20% - 12:08
4 - 5% - 10% - 2:14
PP Forward
1 - 47% - 60% - 2:51
2 - 53% - 40% - 3:11
PP Defense
1 - 71% - 60% - 4:17
2 - 29% - 40% - 1:45
PK Forward
1 - 77% - 60% - 3:30
2 - 23% - 40% - 1:01
PK Defense
1 - 62% - 60% - 2:47
2 - 38% - 40% - 1:44
PK3 Forward
1 - 0% - 60%
2 - 0% - 40%
PK3 Defense
1 - 0% - 60%
2 - 0% - 40%
44 Forward
1 - 0% - 60%
2 - 0% - 40%
44 Defense
1 - 0% - 60%
2 - 0% - 40%
Last Minute Offensive - 0:00
Last Minute Defensive - 1:08
Total
Forward - 60:00
Defense - 60:00
|
Play-by-Play
1st period
0:01 of 1st period - Nick Shore wins face-off versus Nick Suzuki in neutral zone.
0:08 of 1st period - Slapshot by Thomas Chabot.
0:08 of 1st period - Shot Misses the Net.
0:10 of 1st period - Slapshot by Vladislav Gavrikov.
0:10 of 1st period - Deflect By Nick Suzuki.
0:10 of 1st period - Stopped by Anton Forsberg with a rebound.
1:08 of 1st period - Brendan Leipsic is hit by Maxime Comtois and loses puck.
1:13 of 1st period - Snap shot by Mason Appleton.
1:13 of 1st period - Shot Misses the Net.
1:15 of 1st period - Slapshot by Maxime Comtois.
1:15 of 1st period - Shot Misses the Net.
1:17 of 1st period - Snap shot by Josh Anderson.
1:17 of 1st period - Shot Blocked by Devon Teows.
1:19 of 1st period - Slapshot by Thomas Chabot.
1:19 of 1st period - Deflect By Mason Appleton.
1:19 of 1st period - Stopped by Anton Forsberg without a rebound.
1:20 of 1st period - Nick Shore wins face-off versus Nick Suzuki in Phantoms zone.
1:33 of 1st period - Slapshot by Michael Bournival.
1:33 of 1st period - Shot Blocked by Oliver Kylington.
1:35 of 1st period - Slapshot by Cal Foote.
1:35 of 1st period - Stopped by Eamon McAdam without a rebound.
1:36 of 1st period - Lucas Wallmarkk wins face-off versus Mason Appleton in Reign zone.
1:39 of 1st period - Snap shot by Sven Andrighetto.
1:39 of 1st period - Stopped by Eamon McAdam without a rebound.
1:40 of 1st period - Lucas Wallmarkk wins face-off versus Mason Appleton in Reign zone.
1:51 of 1st period - Snap shot by Sven Andrighetto.
1:51 of 1st period - Shot Blocked by Josh Anderson.
1:53 of 1st period - Snap shot by Lucas Wallmarkk.
1:53 of 1st period - Goal by Lucas Wallmarkk - Reign : 0 - Phantoms : 1.
1:54 of 1st period - Darroll Powe wins face-off versus Nick Shore in neutral zone.
2:07 of 1st period - Wrist shot by Michael Bournival.
2:07 of 1st period - Deflect By Nick Shore.
2:07 of 1st period - Stopped by Eamon McAdam without a rebound.
2:08 of 1st period - Erik Nystrom wins face-off versus Nick Suzuki in Reign zone.
2:37 of 1st period - Snap shot by Nick Shore.
2:37 of 1st period - Shot Blocked by Nicolas Hague.
2:41 of 1st period - Snap shot by Michael Bournival.
2:41 of 1st period - Deflect By Jeremy Lauzon.
2:41 of 1st period - Shot Blocked by Nicolas Hague.
2:41 of 1st period - Puck is out of play.
2:42 of 1st period - Darroll Powe wins face-off versus Lucas Wallmarkk in Reign zone.
2:58 of 1st period - Wrist shot by Sven Andrighetto.
2:58 of 1st period - Stopped by Eamon McAdam with a rebound.
3:08 of 1st period - Oliver Kylington is hit by JC Lipon and loses puck.
3:12 of 1st period - Icing by Charlie McAvoy.
3:13 of 1st period - Darroll Powe wins face-off versus Joe Snively in Reign zone.
3:52 of 1st period - Jordan Greenway is hit by Nick Shore and loses puck.
4:11 of 1st period - Slapshot by Kevin Fiala.
4:11 of 1st period - Stopped by Anton Forsberg with a rebound.
4:13 of 1st period - Slapshot by Charlie McAvoy.
4:13 of 1st period - Stopped by Anton Forsberg without a rebound.
4:14 of 1st period - Mason Appleton wins face-off versus Cristoval Nieves in Phantoms zone.
4:17 of 1st period - Slapshot by Josh Anderson.
4:17 of 1st period - Deflect By Mason Appleton.
4:17 of 1st period - Shot Blocked by Erik Nystrom.
4:17 of 1st period - Puck is out of play.
4:18 of 1st period - Cristoval Nieves wins face-off versus Mason Appleton in Phantoms zone.
4:20 of 1st period - Minor Penalty to Erik Nystrom for Hooking.
4:21 of 1st period - Michael Bournival wins face-off versus Nick Suzuki in Phantoms zone.
4:48 of 1st period - Icing by Jeremy Lauzon.
4:49 of 1st period - Sven Andrighetto wins face-off versus Mason Appleton in Reign zone.
6:20 of 1st period - Penalty to Erik Nystrom is over, Erik Nystrom is back on ice.
6:35 of 1st period - Reid McNeill is hit by Tom Kuhnhackl and loses puck.
7:12 of 1st period - Snap shot by Morgan Klimchuk.
7:12 of 1st period - Stopped by Eamon McAdam without a rebound.
7:13 of 1st period - Nick Suzuki wins face-off versus Lucas Wallmarkk in Reign zone.
7:26 of 1st period - Backhand shot by Erik Nystrom.
7:26 of 1st period - Stopped by Eamon McAdam with a rebound.
7:28 of 1st period - Wrist shot by Erik Nystrom.
7:28 of 1st period - Shot Blocked by Josh Anderson.
7:36 of 1st period - Snap shot by Cristoval Nieves.
7:36 of 1st period - Stopped by Eamon McAdam with a rebound.
8:36 of 1st period - Snap shot by Nick Shore.
8:36 of 1st period - Shot Misses the Net.
8:38 of 1st period - Snap shot by Nick Shore.
8:38 of 1st period - Stopped by Eamon McAdam without a rebound.
8:39 of 1st period - Nick Shore wins face-off versus Mason Appleton in Reign zone.
8:44 of 1st period - Snap shot by Alex DeBrincat.
8:44 of 1st period - Shot Misses the Net.
8:46 of 1st period - Slapshot by Blake Heinrich.
8:46 of 1st period - Stopped by Eamon McAdam without a rebound.
8:47 of 1st period - Mason Appleton wins face-off versus Nick Shore in Reign zone.
9:12 of 1st period - Slapshot by Morgan Klimchuk.
9:12 of 1st period - Shot Misses the Net.
9:22 of 1st period - Snap shot by Sven Andrighetto.
9:22 of 1st period - Deflect By Lucas Wallmarkk.
9:22 of 1st period - Shot Misses the Net.
9:22 of 1st period - Puck is out of play.
9:23 of 1st period - David Krejci wins face-off versus Nick Shore in Reign zone.
9:25 of 1st period - Minor Penalty to Tom Kuhnhackl for Hooking.
9:26 of 1st period - Nick Shore wins face-off versus Darroll Powe in Reign zone.
9:30 of 1st period - Wrist shot by Michael Bournival.
9:30 of 1st period - Goal by Michael Bournival - Reign : 0 - Phantoms : 2.
9:31 of 1st period - Nick Suzuki wins face-off versus Nick Shore in neutral zone.
10:08 of 1st period - Nick Sorensen is hit by David Krejci and loses puck.
10:49 of 1st period - Wrist shot by David Krejci.
10:49 of 1st period - Shot Misses the Net.
10:51 of 1st period - Slapshot by Vladislav Gavrikov.
10:51 of 1st period - Shot Misses the Net.
10:53 of 1st period - Snap shot by Vladislav Gavrikov.
10:53 of 1st period - Stopped by Anton Forsberg with a rebound.
10:55 of 1st period - Snap shot by Kevin Fiala.
10:55 of 1st period - Stopped by Anton Forsberg with a rebound.
11:19 of 1st period - Wrist shot by Nick Suzuki.
11:19 of 1st period - Shot Misses the Net.
11:21 of 1st period - Snap shot by Nick Suzuki.
11:21 of 1st period - Shot Misses the Net.
12:02 of 1st period - Wrist shot by Joe Snively.
12:02 of 1st period - Shot Misses the Net.
12:04 of 1st period - Snap shot by Mikko Lehtonen.
12:04 of 1st period - Shot Blocked by Nikita Tryamkin.
12:20 of 1st period - Slapshot by Morgan Klimchuk.
12:20 of 1st period - Stopped by Eamon McAdam with a rebound.
12:26 of 1st period - Morgan Klimchuk is hit by Rem Pitlick and loses puck.
13:20 of 1st period - Backhand shot by Rem Pitlick.
13:20 of 1st period - Stopped by Anton Forsberg without a rebound.
13:21 of 1st period - Nick Suzuki wins face-off versus Nick Shore in Phantoms zone.
13:46 of 1st period - Reid McNeill is hit by Josh Anderson and loses puck.
13:53 of 1st period - Snap shot by Josh Anderson.
13:53 of 1st period - Shot Blocked by Blake Heinrich.
14:11 of 1st period - Snap shot by Brendan Leipsic.
14:11 of 1st period - Stopped by Eamon McAdam without a rebound.
14:12 of 1st period - Nick Suzuki wins face-off versus Nick Shore in Reign zone.
14:21 of 1st period - Snap shot by Nick Suzuki.
14:21 of 1st period - Stopped by Anton Forsberg without a rebound.
14:22 of 1st period - Nick Shore wins face-off versus Nick Suzuki in Phantoms zone.
14:22 of 1st period - Nick Shore is hit by Jordan Greenway.
14:37 of 1st period - Slapshot by Nick Shore.
14:37 of 1st period - Stopped by Eamon McAdam without a rebound.
14:38 of 1st period - Cristoval Nieves wins face-off versus Mason Appleton in Reign zone.
14:39 of 1st period - Snap shot by Erik Nystrom.
14:39 of 1st period - Shot Misses the Net.
14:54 of 1st period - Off-side.
14:55 of 1st period - Nick Suzuki wins face-off versus Nick Shore in neutral zone.
14:57 of 1st period - Off-side.
14:58 of 1st period - Nick Suzuki wins face-off versus Nick Shore in neutral zone.
15:01 of 1st period - Wrist shot by Jordan Greenway.
15:01 of 1st period - Shot Blocked by Blake Heinrich.
15:07 of 1st period - Slapshot by Alex DeBrincat.
15:07 of 1st period - Goal by Alex DeBrincat - Reign : 0 - Phantoms : 3.
15:08 of 1st period - Nick Shore wins face-off versus Nick Suzuki in neutral zone.
15:18 of 1st period - Backhand shot by Alex DeBrincat.
15:18 of 1st period - Stopped by Eamon McAdam without a rebound.
15:19 of 1st period - Nick Suzuki wins face-off versus Nick Shore in Reign zone.
15:19 of 1st period - Nick Suzuki is hit by Alex DeBrincat.
15:45 of 1st period - Jeremy Lauzon is hit by Reid McNeill and loses puck.
15:52 of 1st period - Slapshot by Nicolas Hague.
15:52 of 1st period - Deflect By Maxime Comtois.
15:52 of 1st period - Shot Misses the Net.
15:52 of 1st period - Puck is out of play.
15:53 of 1st period - Lucas Wallmarkk wins face-off versus Jordan Greenway in Phantoms zone.
16:00 of 1st period - Snap shot by Morgan Klimchuk.
16:00 of 1st period - Shot Misses the Net.
17:25 of 1st period - Morgan Klimchuk is hit by Mathew Barzal and loses puck.
17:42 of 1st period - Wrist shot by Mason Appleton.
17:42 of 1st period - Stopped by Anton Forsberg without a rebound.
17:43 of 1st period - Mason Appleton wins face-off versus Nick Shore in Phantoms zone.
17:46 of 1st period - Slapshot by Josh Anderson.
17:46 of 1st period - Stopped by Anton Forsberg with a rebound.
17:54 of 1st period - Wrist shot by Michael Bournival.
17:54 of 1st period - Stopped by Eamon McAdam with a rebound.
18:36 of 1st period - Minor Penalty to Tom Kuhnhackl for Hooking.
18:37 of 1st period - Darroll Powe wins face-off versus Nick Shore in Reign zone.
18:37 of 1st period - Darroll Powe is hit by Blake Heinrich.
19:24 of 1st period - Kevin Fiala is hit by Lucas Wallmarkk and loses puck.
Goals for this period are 0 for Reign vs 3 for Phantoms.
Shots for this period are 10 for Reign vs 17 for Phantoms.
2nd period
0:01 of 2nd period - Darroll Powe wins face-off versus Nick Shore in neutral zone.
0:36 of 2nd period - Penalty to Tom Kuhnhackl is over, Tom Kuhnhackl is back on ice.
0:50 of 2nd period - Wrist shot by Erik Nystrom.
0:50 of 2nd period - Shot Blocked by Vladislav Gavrikov.
0:52 of 2nd period - Slapshot by Cal Foote.
0:52 of 2nd period - Shot Blocked by Vladislav Gavrikov.
0:54 of 2nd period - Slapshot by Brenden Kichton.
0:54 of 2nd period - Shot Misses the Net.
0:56 of 2nd period - Wrist shot by Erik Nystrom.
0:56 of 2nd period - Deflect By Nick Sorensen.
0:56 of 2nd period - Shot Hit the Post.
0:56 of 2nd period - Puck is out of play.
0:57 of 2nd period - Alex DeBrincat wins face-off versus Darroll Powe in Reign zone.
1:04 of 2nd period - Snap shot by Alex DeBrincat.
1:04 of 2nd period - Shot Blocked by Oliver Kylington.
1:46 of 2nd period - Snap shot by Mason Appleton.
1:46 of 2nd period - Stopped by Anton Forsberg without a rebound.
1:47 of 2nd period - Erik Nystrom wins face-off versus Mathew Barzal in Phantoms zone.
2:12 of 2nd period - Nick Shore is hit by Tom Kuhnhackl.
2:39 of 2nd period - Wrist shot by Morgan Klimchuk.
2:39 of 2nd period - Shot Blocked by Vladislav Gavrikov.
2:41 of 2nd period - Snap shot by Devon Teows.
2:41 of 2nd period - Shot Misses the Net.
2:43 of 2nd period - Snap shot by Lucas Wallmarkk.
2:43 of 2nd period - Shot Misses the Net.
2:45 of 2nd period - Slapshot by Rinat Valiev.
2:45 of 2nd period - Stopped by Eamon McAdam without a rebound.
2:46 of 2nd period - Cristoval Nieves wins face-off versus Nick Suzuki in Reign zone.
2:57 of 2nd period - Wrist shot by Erik Nystrom.
2:57 of 2nd period - Shot Misses the Net.
3:39 of 2nd period - Slapshot by Darroll Powe.
3:39 of 2nd period - Stopped by Anton Forsberg with a rebound.
4:10 of 2nd period - Icing by Sven Andrighetto.
4:11 of 2nd period - Nick Suzuki wins face-off versus Morgan Klimchuk in Phantoms zone.
4:24 of 2nd period - Wrist shot by Jordan Greenway.
4:24 of 2nd period - Stopped by Anton Forsberg with a rebound.
4:26 of 2nd period - Wrist shot by Nick Suzuki.
4:26 of 2nd period - Shot Misses the Net.
4:36 of 2nd period - Brenden Kichton is hit by Mason Appleton and loses puck.
4:45 of 2nd period - Wrist shot by Josh Anderson.
4:45 of 2nd period - Stopped by Anton Forsberg with a rebound.
4:52 of 2nd period - Icing by Michael Bournival.
4:53 of 2nd period - Nick Shore wins face-off versus David Krejci in Phantoms zone.
6:04 of 2nd period - Snap shot by Rem Pitlick.
6:04 of 2nd period - Stopped by Anton Forsberg with a rebound.
6:22 of 2nd period - Tom Kuhnhackl is hit by Rinat Valiev and loses puck.
7:12 of 2nd period - Snap shot by Lucas Wallmarkk.
7:12 of 2nd period - Goal by Lucas Wallmarkk - Reign : 0 - Phantoms : 4.
7:12 of 2nd period - Oscar Dansk enters game.
7:13 of 2nd period - Nick Suzuki wins face-off versus Nick Shore in neutral zone.
7:16 of 2nd period - Snap shot by Thomas Chabot.
7:16 of 2nd period - Deflect By Nick Suzuki.
7:16 of 2nd period - Shot Misses the Net.
7:16 of 2nd period - Puck is out of play.
7:17 of 2nd period - Nick Shore wins face-off versus Nick Suzuki in Phantoms zone.
7:30 of 2nd period - Snap shot by Alex DeBrincat.
7:30 of 2nd period - Shot Misses the Net.
8:14 of 2nd period - Snap shot by Josh Anderson.
8:14 of 2nd period - Goal by Josh Anderson - Reign : 1 - Phantoms : 4.
8:15 of 2nd period - Nick Suzuki wins face-off versus Nick Shore in neutral zone.
8:46 of 2nd period - Icing by Mathew Barzal.
8:47 of 2nd period - Nick Suzuki wins face-off versus Cristoval Nieves in Reign zone.
9:08 of 2nd period - Snap shot by Nick Suzuki.
9:08 of 2nd period - Shot Blocked by Erik Nystrom.
9:31 of 2nd period - Wrist shot by Nick Suzuki.
9:31 of 2nd period - Stopped by Anton Forsberg with a rebound.
9:33 of 2nd period - Slapshot by Nick Suzuki.
9:33 of 2nd period - Stopped by Anton Forsberg without a rebound.
9:34 of 2nd period - David Krejci wins face-off versus Nick Shore in Phantoms zone.
9:43 of 2nd period - Wrist shot by Kevin Fiala.
9:43 of 2nd period - Shot Blocked by Devon Teows.
9:45 of 2nd period - Snap shot by Thomas Chabot.
9:45 of 2nd period - Stopped by Anton Forsberg with a rebound.
9:47 of 2nd period - Slapshot by Tom Kuhnhackl.
9:47 of 2nd period - Stopped by Anton Forsberg with a rebound.
9:49 of 2nd period - Snap shot by Tom Kuhnhackl.
9:49 of 2nd period - Stopped by Anton Forsberg with a rebound.
9:55 of 2nd period - Minor Penalty to Michael Bournival for Diving.
9:56 of 2nd period - Mason Appleton wins face-off versus Anthony Angello in Phantoms zone.
10:25 of 2nd period - Slapshot by Thomas Chabot.
10:25 of 2nd period - Shot Blocked by Alex DeBrincat.
11:41 of 2nd period - Blake Heinrich is hit by Jordan Greenway.
11:55 of 2nd period - Penalty to Michael Bournival is over, Michael Bournival is back on ice.
12:08 of 2nd period - Off-side.
12:09 of 2nd period - Lucas Wallmarkk wins face-off versus David Krejci in neutral zone.
12:21 of 2nd period - Off-side.
12:22 of 2nd period - Nick Suzuki wins face-off versus Nick Shore in neutral zone.
12:58 of 2nd period - Wrist shot by Darroll Powe.
12:58 of 2nd period - Stopped by Anton Forsberg without a rebound.
12:59 of 2nd period - Nick Suzuki wins face-off versus Lucas Wallmarkk in Phantoms zone.
13:34 of 2nd period - Slapshot by Rinat Valiev.
13:34 of 2nd period - Deflect By Cristoval Nieves.
13:34 of 2nd period - Shot Misses the Net.
13:34 of 2nd period - Puck is out of play.
13:35 of 2nd period - Darroll Powe wins face-off versus Nick Shore in Reign zone.
14:00 of 2nd period - Alex DeBrincat is hit by Nicolas Hague and loses puck.
14:15 of 2nd period - Wrist shot by Nick Shore.
14:15 of 2nd period - Shot Blocked by Nicolas Hague.
14:17 of 2nd period - Slapshot by Alex DeBrincat.
14:17 of 2nd period - Stopped by Oscar Dansk without a rebound.
14:18 of 2nd period - Nick Suzuki wins face-off versus Lucas Wallmarkk in Reign zone.
14:18 of 2nd period - Nick Suzuki is hit by Sven Andrighetto.
14:34 of 2nd period - Snap shot by Lucas Wallmarkk.
14:34 of 2nd period - Shot Misses the Net.
15:10 of 2nd period - Thomas Chabot is hit by JC Lipon and loses puck.
15:17 of 2nd period - Wrist shot by Brendan Leipsic.
15:17 of 2nd period - Shot Blocked by Kevin Fiala.
15:19 of 2nd period - Wrist shot by Brendan Leipsic.
15:19 of 2nd period - Stopped by Oscar Dansk with a rebound.
15:40 of 2nd period - Minor Penalty to Cal Foote for Hooking.
15:41 of 2nd period - Nick Suzuki wins face-off versus Michael Bournival in Phantoms zone.
16:13 of 2nd period - Snap shot by Mason Appleton.
16:13 of 2nd period - Goal by Mason Appleton - Reign : 2 - Phantoms : 4.
16:14 of 2nd period - Nick Suzuki wins face-off versus Nick Shore in neutral zone.
16:39 of 2nd period - Sven Andrighetto is hit by Maxime Comtois and loses puck.
16:46 of 2nd period - Snap shot by Josh Anderson.
16:46 of 2nd period - Stopped by Anton Forsberg without a rebound.
16:47 of 2nd period - Nick Shore wins face-off versus David Krejci in Phantoms zone.
16:49 of 2nd period - Icing by Alex DeBrincat.
16:50 of 2nd period - Kevin Fiala wins face-off versus Nick Shore in Phantoms zone.
17:27 of 2nd period - Slapshot by Nick Suzuki.
17:27 of 2nd period - Shot Misses the Net.
17:48 of 2nd period - Nick Sorensen is hit by Rem Pitlick and loses puck.
18:02 of 2nd period - Off-side.
18:03 of 2nd period - Mason Appleton wins face-off versus Nick Shore in neutral zone.
18:06 of 2nd period - Nick Shore is hit by Maxime Comtois and loses puck.
18:13 of 2nd period - Snap shot by Josh Anderson.
18:13 of 2nd period - Stopped by Anton Forsberg without a rebound.
18:14 of 2nd period - Nick Shore wins face-off versus Nick Suzuki in Phantoms zone.
18:30 of 2nd period - Nick Suzuki is hit by Blake Heinrich and loses puck.
18:50 of 2nd period - Wrist shot by Kevin Fiala.
18:50 of 2nd period - Shot Blocked by Morgan Klimchuk.
18:52 of 2nd period - Snap shot by Kevin Fiala.
18:52 of 2nd period - Shot Misses the Net.
19:04 of 2nd period - Snap shot by Cristoval Nieves.
19:04 of 2nd period - Shot Misses the Net.
19:35 of 2nd period - Wrist shot by Mason Appleton.
19:35 of 2nd period - Stopped by Anton Forsberg with a rebound.
Goals for this period are 2 for Reign vs 1 for Phantoms.
Shots for this period are 16 for Reign vs 4 for Phantoms.
3rd period
0:01 of 3rd period - Nick Shore wins face-off versus Jordan Greenway in neutral zone.
0:25 of 3rd period - Alex DeBrincat is hit by Tom Kuhnhackl and loses puck.
0:54 of 3rd period - Wrist shot by Nick Sorensen.
0:54 of 3rd period - Stopped by Oscar Dansk with a rebound.
0:56 of 3rd period - Slapshot by Reid McNeill.
0:56 of 3rd period - Shot Blocked by Charlie McAvoy.
0:58 of 3rd period - Wrist shot by Nick Sorensen.
0:58 of 3rd period - Stopped by Oscar Dansk with a rebound.
1:08 of 3rd period - Slapshot by Charlie McAvoy.
1:08 of 3rd period - Shot Misses the Net.
1:49 of 3rd period - Minor Penalty to Jordan Greenway for Interference.
1:50 of 3rd period - Nick Shore wins face-off versus Darroll Powe in Reign zone.
2:15 of 3rd period - Vladislav Gavrikov is hit by Lucas Wallmarkk and loses puck.
3:49 of 3rd period - Penalty to Jordan Greenway is over, Jordan Greenway is back on ice.
3:57 of 3rd period - Off-side.
3:58 of 3rd period - Cristoval Nieves wins face-off versus Nick Suzuki in neutral zone.
4:23 of 3rd period - Wrist shot by Darroll Powe.
4:23 of 3rd period - Shot Blocked by Cal Foote.
4:25 of 3rd period - Slapshot by Charlie McAvoy.
4:25 of 3rd period - Deflect By Nick Sorensen.
4:25 of 3rd period - Stopped by Anton Forsberg with a rebound.
5:46 of 3rd period - Icing by Brenden Kichton.
5:47 of 3rd period - Darroll Powe wins face-off versus Joe Snively in Phantoms zone.
6:00 of 3rd period - Snap shot by Michael Bournival.
6:00 of 3rd period - Shot Blocked by Vladislav Gavrikov.
6:02 of 3rd period - Snap shot by Alex DeBrincat.
6:02 of 3rd period - Shot Misses the Net.
6:12 of 3rd period - Nick Suzuki is hit by Sven Andrighetto and loses puck.
7:01 of 3rd period - Wrist shot by Vladislav Gavrikov.
7:01 of 3rd period - Deflect By Rinat Valiev.
7:01 of 3rd period - Stopped by Anton Forsberg with a rebound.
7:11 of 3rd period - Rem Pitlick is hit by Devon Teows and loses puck.
7:32 of 3rd period - Nicolas Hague is hit by Reid McNeill and loses puck.
7:39 of 3rd period - Slapshot by Morgan Klimchuk.
7:39 of 3rd period - Shot Misses the Net.
7:41 of 3rd period - Wrist shot by Morgan Klimchuk.
7:41 of 3rd period - Shot Misses the Net.
7:43 of 3rd period - Snap shot by Sven Andrighetto.
7:43 of 3rd period - Stopped by Oscar Dansk with a rebound.
7:55 of 3rd period - David Krejci is hit by Blake Heinrich and loses puck.
8:02 of 3rd period - Snap shot by Erik Nystrom.
8:02 of 3rd period - Shot Misses the Net.
8:04 of 3rd period - Snap shot by Erik Nystrom.
8:04 of 3rd period - Stopped by Oscar Dansk with a rebound.
8:06 of 3rd period - Slapshot by Blake Heinrich.
8:06 of 3rd period - Stopped by Oscar Dansk with a rebound.
8:21 of 3rd period - Minor Penalty to Josh Anderson for Tripping.
8:22 of 3rd period - Nick Shore wins face-off versus Darroll Powe in Reign zone.
10:21 of 3rd period - Penalty to Josh Anderson is over, Josh Anderson is back on ice.
10:54 of 3rd period - Wrist shot by Nick Sorensen.
10:54 of 3rd period - Stopped by Oscar Dansk with a rebound.
11:09 of 3rd period - Icing by Charlie McAvoy.
11:10 of 3rd period - Darroll Powe wins face-off versus Cristoval Nieves in Reign zone.
11:58 of 3rd period - Michael Bournival is hit by Tom Kuhnhackl and loses puck.
12:34 of 3rd period - Wrist shot by Mason Appleton.
12:34 of 3rd period - Shot Misses the Net.
12:52 of 3rd period - Henri Jokiharju is hit by Morgan Klimchuk and loses puck.
13:24 of 3rd period - Snap shot by Lucas Wallmarkk.
13:24 of 3rd period - Stopped by Oscar Dansk with a rebound.
14:03 of 3rd period - Snap shot by Nick Suzuki.
14:03 of 3rd period - Stopped by Anton Forsberg without a rebound.
14:04 of 3rd period - Cristoval Nieves wins face-off versus Mathew Barzal in Phantoms zone.
14:20 of 3rd period - Jordan Greenway is hit by Rinat Valiev and loses puck.
14:54 of 3rd period - Snap shot by Nick Shore.
14:54 of 3rd period - Shot Misses the Net.
14:56 of 3rd period - Backhand shot by Devon Teows.
14:56 of 3rd period - Deflect By Nick Shore.
14:56 of 3rd period - Shot Blocked by Nicolas Hague.
14:56 of 3rd period - Puck is out of play.
14:57 of 3rd period - Nick Suzuki wins face-off versus Nick Shore in Reign zone.
15:22 of 3rd period - Cal Foote is hit by Jordan Greenway and loses puck.
15:46 of 3rd period - Snap shot by Mathew Barzal.
15:46 of 3rd period - Shot Misses the Net.
15:48 of 3rd period - Slapshot by Nick Suzuki.
15:48 of 3rd period - Stopped by Anton Forsberg with a rebound.
15:50 of 3rd period - Slapshot by Nicolas Hague.
15:50 of 3rd period - Stopped by Anton Forsberg with a rebound.
15:52 of 3rd period - Snap shot by Jordan Greenway.
15:52 of 3rd period - Goal by Jordan Greenway - Reign : 3 - Phantoms : 4.
15:53 of 3rd period - Cristoval Nieves wins face-off versus Maxime Comtois in neutral zone.
15:53 of 3rd period - Blake Heinrich is hit by Thomas Chabot and loses puck.
15:58 of 3rd period - Nick Sorensen is hit by Maxime Comtois and loses puck.
16:24 of 3rd period - Blake Heinrich is hit by Jason Robertson and loses puck.
16:43 of 3rd period - Joe Snively is hit by Charlie McAvoy and loses puck.
16:52 of 3rd period - Slapshot by Blake Heinrich.
16:52 of 3rd period - Goal by Blake Heinrich - Reign : 3 - Phantoms : 5.
16:53 of 3rd period - Mason Appleton wins face-off versus Nick Shore in neutral zone.
16:56 of 3rd period - Slapshot by Jeremy Lauzon.
16:56 of 3rd period - Stopped by Anton Forsberg with a rebound.
17:01 of 3rd period - Rinat Valiev is hit by Jeremy Lauzon and loses puck.
17:04 of 3rd period - Slapshot by Rinat Valiev.
17:04 of 3rd period - Stopped by Oscar Dansk without a rebound.
17:05 of 3rd period - Nick Shore wins face-off versus Darroll Powe in Reign zone.
17:10 of 3rd period - Snap shot by Nick Shore.
17:10 of 3rd period - Shot Blocked by Jason Robertson.
17:12 of 3rd period - Wrist shot by Nick Shore.
17:12 of 3rd period - Stopped by Oscar Dansk with a rebound.
17:14 of 3rd period - Backhand shot by Michael Bournival.
17:14 of 3rd period - Shot Misses the Net.
17:16 of 3rd period - Slapshot by Reid McNeill.
17:16 of 3rd period - Deflect By Darroll Powe.
17:16 of 3rd period - Stopped by Oscar Dansk without a rebound.
17:17 of 3rd period - Mason Appleton wins face-off versus Michael Bournival in Reign zone.
17:22 of 3rd period - Snap shot by Josh Anderson.
17:22 of 3rd period - Shot Misses the Net.
17:32 of 3rd period - Wrist shot by Michael Bournival.
17:32 of 3rd period - Stopped by Oscar Dansk without a rebound.
17:33 of 3rd period - Darroll Powe wins face-off versus Cristoval Nieves in Reign zone.
17:33 of 3rd period - Darroll Powe is hit by Blake Heinrich.
18:25 of 3rd period - Snap shot by Mathew Barzal.
18:25 of 3rd period - Stopped by Anton Forsberg without a rebound.
18:26 of 3rd period - Darroll Powe wins face-off versus Cristoval Nieves in Phantoms zone.
18:37 of 3rd period - Slapshot by Rem Pitlick.
18:37 of 3rd period - Stopped by Anton Forsberg with a rebound.
18:39 of 3rd period - Snap shot by Darroll Powe.
18:39 of 3rd period - Stopped by Anton Forsberg without a rebound.
18:40 of 3rd period - Nick Shore wins face-off versus Mason Appleton in Phantoms zone.
18:47 of 3rd period - Snap shot by Josh Anderson.
18:47 of 3rd period - Stopped by Anton Forsberg with a rebound.
18:51 of 3rd period - Wrist shot by Maxime Comtois.
18:51 of 3rd period - Goal by Maxime Comtois - Reign : 4 - Phantoms : 5.
18:52 of 3rd period - Nick Shore wins face-off versus Nick Suzuki in neutral zone.
18:57 of 3rd period - Snap shot by Alex DeBrincat.
18:57 of 3rd period - Shot Blocked by Mathew Barzal.
19:07 of 3rd period - Slapshot by Nick Shore.
19:07 of 3rd period - Shot Misses the Net.
19:09 of 3rd period - Wrist shot by Alex DeBrincat.
19:09 of 3rd period - Stopped by Oscar Dansk without a rebound.
19:10 of 3rd period - Michel Therrien call a timeout for Reign.
19:10 of 3rd period - Nick Shore wins face-off versus Nick Suzuki in Reign zone.
19:17 of 3rd period - Snap shot by Nick Shore.
19:17 of 3rd period - Stopped by Oscar Dansk with a rebound.
19:19 of 3rd period - Snap shot by Blake Heinrich.
19:19 of 3rd period - Shot Blocked by Nick Suzuki.
19:21 of 3rd period - Snap shot by Blake Heinrich.
19:21 of 3rd period - Deflect By Jeremy Lauzon.
19:21 of 3rd period - Stopped by Oscar Dansk without a rebound.
19:22 of 3rd period - Nick Shore wins face-off versus Nick Suzuki in Reign zone.
19:25 of 3rd period - Wrist shot by Nick Shore.
19:25 of 3rd period - Stopped by Oscar Dansk with a rebound.
19:27 of 3rd period - Snap shot by Nick Shore.
19:27 of 3rd period - Shot Misses the Net.
19:29 of 3rd period - Snap shot by Reid McNeill.
19:29 of 3rd period - Deflect By Alex DeBrincat.
19:29 of 3rd period - Phantoms goal is going for a video replay.
19:29 of 3rd period - The goal is refused. The net was displaced accidentally..
19:30 of 3rd period - Nick Shore wins face-off versus Nick Suzuki in Reign zone.
19:49 of 3rd period - Reign, Oscar Dansk is pulled from the net.
Goals for this period are 2 for Reign vs 1 for Phantoms.
Shots for this period are 12 for Reign vs 17 for Phantoms.